 Dungeon Crawl Stone Soup version 0.24.0-10-g970556be89 (webtiles) character file.

Game seed: 18161459289402378106, levelgen mode: classic

221 EnegeticOcto the Skirmisher (level 5, -21/51 HPs)
             Began as a Gargoyle Fighter on Nov 4, 2019.
             Blown up by a kobold (28 damage)
             ... with a disintegration bolt
             ... on level 3 of the Dungeon.
             The game lasted 00:02:29 (2188 turns).

EnegeticOcto the Skirmisher (Gargoyle Fighter)      Turns: 2188, Time: 00:02:30

Health: -21/51     AC: 22    Str: 17 (20) XL:     5   Next: 98%
Magic:  5/5        EV:  2    Int:  8 (9)  God:
Gold:   209        SH:  9    Dex:  7 (9)  Spells: 4/4 levels left

rFire    . . .     SeeInvis .   a - +1 war axe
rCold    . . .     Gourm    .   c - +0 shield
rNeg     + + +     Faith    .   (armour currently unavailable)
rPois    ∞         Spirit   .   (helmet currently unavailable)
rElec    .         Reflect  .   (cloak currently unavailable)
rCorr    .         Harm     .   (gloves currently unavailable)
MR       .....     NoTele   +   (boots currently unavailable)
Stlth    +.........             (no amulet)
HPRegen  0.17/turn              (no ring)
MPRegen  0.09/turn              (no ring)

@: tree-form
A: negative energy resistance 1, petrification resistance, rot immunity, AC +4
a: no special abilities


You were on level 3 of the Dungeon.
You were not hungry.
You were a tree.
You visited 1 branch of the dungeon, and saw 3 of its levels.

You collected 209 gold pieces.

Inventory:

Hand Weapons
 a - a +1 war axe (weapon)
Armour
 c - a +0 shield (worn)
 i - a +0 hat (melded)
 j - a +0 chain mail (melded)
Scrolls
 k - a scroll of remove curse {@r2}
 o - a scroll of immolation {unknown}
 p - a scroll of identify {unknown}
Potions
 d - a potion of might {@q3 !q}
 m - a potion of lignification {@q6}
Comestibles
 e - 7 rations
 n - 4 chunks of flesh


   Skills:
 + Level 4.3 Fighting
 * Level 3.6 Axes
 + Level 4.3 Armour
 + Level 0.1 Dodging
 + Level 4.2 Shields


You had 4 spell levels left.
You didn't know any spells.
Your spell library was empty.

Dungeon Overview and Level Annotations

Branches:
Dungeon (3/15)

Altars:
Ashenzari


Innate Abilities, Weirdness & Mutations

You are resistant to torment.
((Your stone body is resilient. (AC +4)))
You are immune to poison.
You resist negative energy. (rN+)
((You are resistant to electric shocks. (rElec)))
((You can survive without breathing.))
You are immune to petrification.
You are immune to rotting.


Message History

You hit the worm.
The worm is severely wounded.
You block the worm's attack.
You hit the worm.
The worm is severely wounded.
The worm bites you but does no damage.
You hit the worm but do no damage.
The worm is severely wounded.
The worm bites you but does no damage.
You hit the worm.
The worm is severely wounded.
The worm bites you!
A worm is nearby!
A worm is nearby!
You slash the worm!
You kill the worm!
No target in view!
No target in view!
Some of the chunks of flesh in your inventory have rotted away.
Eating one of 7 chunks of flesh.
You eat one of the 7 chunks of flesh.
This raw flesh tastes terrible.
Some of the chunks of flesh in your inventory have rotted away.
You butcher the worm corpse.
n - 4 chunks of flesh (gained 3)
You butcher the rat corpse.
n - 5 chunks of flesh (gained 1)
You see here a rat skeleton. x2
There is a stone staircase leading down here.
Some of the chunks of flesh in your inventory have rotted away.
Found a mace.
You see here a mace.
A bat and a kobold come into view.
The kobold shouts!
There are monsters nearby!
There are monsters nearby!
You block the bat's attack. The bat hits you but does no damage.
You block the bat's attack.
An adder comes into view.
You miss the bat.
The adder hisses angrily.
The bat hits you.
The kobold throws a stone.
You block the stone. The bat hits you but does no damage.
The kobold zaps a wand.
You are blasted!
Ouch! That really hurt!
* * * LOW HITPOINT WARNING * * *
You are too injured to fight recklessly!
You are too injured to fight recklessly!
You are too injured to fight recklessly!
You are too injured to fight recklessly!
You are too injured to fight recklessly!
You are too injured to fight recklessly!
You are too injured to fight recklessly!
You are too injured to fight recklessly!
You are too injured to fight recklessly!
You block the bat's attack. The bat hits you but does no damage.
You see here a stone.
Press: ? - help, v - describe, . - travel
Here: a kobold, wielding a +0 club and carrying a wand of disintegration (11)
The floor.
Okay, then.
It was a potion of lignification.
You turn into a tree.
Your +0 hat melds into your body.
Your +0 chain mail melds into your body.
Your roots penetrate the ground.
You block the bat's attack.
It was a potion of degeneration.
There was something very wrong with that liquid.
You feel weakened.
You feel dopey.
You feel clumsy. You block the bat's attack.
It was a potion of magic.
Magic courses through your body. The adder bites you but does no damage.
You block the adder's attack.
It was a potion of flight.
Your roots keep you in place.
The adder bites you but does no damage.
Okay, then.
As you read the scroll labeled DAGITOLIYF, it crumbles to dust.
You feel a strange sense of stasis.
It was a scroll of teleportation.
The adder bites you.
* * * LOW HITPOINT WARNING * * *
As you read the scroll labeled ZUSTRI DUNAMA, it crumbles to dust.
It is a scroll of enchant weapon.
Your +0 war axe glows red for a moment.
The adder barely misses you. You block the adder's attack.
You miss the adder. The adder bites you but does no damage.
You miss the adder. The adder bites you but does no damage.
You block the adder's attack.
You closely miss the adder. You block the adder's attack.
The adder bites you but does no damage.
You miss the adder.
The adder bites you but does no damage. x2
You miss the adder. You block the adder's attack.
The adder bites you but does no damage.
You slash the adder!
You kill the adder!
You block the bat's attack. The bat hits you but does no damage. x2
You hit the bat.
You kill the bat!
You block the kobold's attack.
You closely miss the kobold. The kobold hits you but does no damage.
You barely miss the kobold. You block the kobold's attack.
You barely miss the kobold. The kobold hits you but does no damage.
The kobold zaps a wand.
You are blasted!
Ouch! That really hurt!
You die...

#...#..#######.##
#.# #...#..# #.#
#.# #...#..# #.#
#.# #...#..#
#.#######.#
#...#..#
#.........#
#......##
###########
##..##..#
#..###.# #..# #♣#
#..# #K#
..........#
###.##..#.#
#.##.....# #..#
#.# ...# ... #..#
##. #...


You could see a kobold.

Vanquished Creatures
  A necrophage (D:3)
  An iguana (D:2)
  An adder (D:3)
  An adder skeleton (D:3)
  4 worms
  A dart slug (D:2)
  3 orcs (D:3)
  12 bats
  5 giant cockroaches
  14 goblins
  9 hobgoblins
  5 jackals
  A frilled lizard (D:3)
  11 kobolds
  7 rats
76 creatures vanquished.

Notes
Turn   | Place    | Note
-------+----------+-------------------------------------------
     0 | D:1      | EnegeticOcto the Gargoyle Fighter began the quest for the
                  | Orb.
     0 | D:1      | Reached XP level 1. HP: 14/14 MP: 1/1
   108 | D:1      | Reached XP level 2. HP: 19/19 MP: 2/2
   566 | D:1      | Reached XP level 3. HP: 23/23 MP: 3/3
   831 | D:2      | Reached XP level 4. HP: 8/29 MP: 4/4
  1551 | D:3      | Noticed a necrophage
  1579 | D:3      | Killed a necrophage
  1579 | D:3      | Reached XP level 5. HP: 28/33 MP: 5/5
  1875 | D:3      | Found a shattered altar of Ashenzari.
  2188 | D:3      | Blown up by a kobold

Levels and vault maps discovered:
D:1:      eino_arrival_druids_welcome, layout_basic, serial_glass,
          glass_columns_a, glass_columns_c
D:2:      layout_loops_ring, first_ration
D:3:      layout_loops_ring, ashenzari_conservatory_becter, dk_noncrumbling_3,
          minmay_misc_feat_encased

Skill      XL: |  1  2  3  4 |
---------------+-------------+-----
Axes           | 2 3 |  3.6
Fighting       | 4 |  4.3
Armour         | 4 |  4.3
Shields        | 4 |  4.2
Dodging        | |  0.1

Action                   |  1- 3 |  4- 6 || total
-------------------------+-------+-------++-------
Melee: War axe           |    79 |   185 ||   264
  Use: Scroll            |       |     3 ||     3
       Potion            |       |     4 ||     4
  Eat: Chunk             |       |     5 ||     5
Armor: Scale mail        |    32 |       ||    32
       Chain mail        |     9 |   133 ||   142
       Skin              |       |    11 ||    11
Dodge: Dodged            |    21 |    43 ||    64
Block: Shield            |    49 |   119 ||   168
